 Dungeon Crawl Stone Soup version 0.28-a0-1613-gdaab1c2f9b (webtiles) character file.

Game seed: 17673790163063184852

12 murtidash the Chiller (level 2, -2/20 HPs)
             Began as a Demigod Ice Elementalist on Jan 22, 2022.
             Slain by a kobold (3 damage)
             ... on level 1 of the Dungeon.
             The game lasted 00:00:30 (525 turns).

murtidash the Chiller (Demigod Ice Elementalist)     Turns: 525, Time: 00:00:31

Health: -2/20      AC:  2    Str:  9    XL:     2   Next: 9%
Magic:  4/7        EV: 12    Int: 17    God:
Gold:   13         SH:  0    Dex: 14    Spells: 4/5 levels left

rFire   . . .      SeeInvis .   e - +0 whip (elec)
rCold   . . .      Faith    .   (no shield)
rNeg    . . .      Spirit   .   a - +0 robe
rPois   .          Reflect  .   (no helmet)
rElec   .          Harm     .   (no cloak)
rCorr   .          Rampage  .   (no gloves)
Will    .....                   (no boots)
Stlth   ++........              (no amulet)
HPRegen 0.06/turn               (no ring)
MPRegen 0.10/turn               (no ring)

@: very slightly contaminated
A: high mp 1, forlorn, divine attributes
a: no special abilities


You were on level 1 of the Dungeon.
You visited 1 branch of the dungeon, and saw 1 of its levels.

You collected 13 gold pieces.

Inventory:

Hand Weapons
 c - a +0 short sword
   (You took it off a kobold on level 1 of the Dungeon)
 e - a +0 whip of electrocution (weapon)
   (You found it on level 1 of the Dungeon)
Armour
 a - a +0 robe (worn)
Scrolls
 b - a scroll of teleportation {unknown}
 d - a scroll of fog {unknown}
Potions
 f - a potion of attraction {unknown}


   Skills:
 - Level 1.7 Dodging
 - Level 1.7 Stealth
 + Level 2.1 Spellcasting
 + Level 3.9 Ice Magic


You had 4 spell levels left.
You knew the following spells:

 Your Spells              Type           Power      Damage    Failure   Level
a - Freeze                Ice            60%        1d8       3%          1

Your spell library contained the following spells:

 Spells                   Type           Power      Damage    Failure   Level
 Frozen Ramparts          Ice            30%        1d5       12%         3
 Ozocubu's Armour         Ice            15%        N/A       12%         3
 Hailstorm                Conj/Ice       8%         3d4       63%         4


Dungeon Overview and Level Annotations

Branches:
Dungeon (1/15)


Innate Abilities, Weirdness & Mutations

You have an increased reservoir of magic. (+10% MP)
You shall have no god before yourself.
Your divine heritage dramatically boosts your attributes as you level up.


Message History

You hit the rat but do no damage. The rat closely misses you.
The rat misses you.
You hit the rat but do no damage. The rat closely misses you.
You barely miss the rat. The rat misses you.
You closely miss the rat. The rat bites you but does no damage.
You hit the rat.
You kill the rat!
No target in view!
No target in view!
No target in view!
No target in view!
No target in view!
No target in view!
No target in view!
A bat comes into view.
The bat hits you but does no damage.
You see here a rat corpse.
You closely miss the bat. The bat closely misses you. The bat misses you.
The bat hits you but does no damage.
You miss the bat. The bat hits you but does no damage.
The bat hits you but does no damage.
You closely miss the bat. The bat misses you.
A bat comes into view.
The bat closely misses you. x2
You hit the bat.
You kill the bat!
You closely miss the bat. The bat misses you. The bat barely misses you.
You barely miss the bat. The bat hits you. The bat closely misses you. x2
You take 1 damage, and have 13/14 hp.
You hit the bat.
You kill the bat!
You have reached level 2!
You regained 6 hp, and now have 19/20 hp.
You see here a rat corpse.
Found a stone staircase leading down.
Health restored: 20; MP restored: 7
d - a scroll labelled VULOFEH RERPHU
Found a glowing whip.
Found a stone staircase leading down.
You see here a +0 whip of electrocution.
e - a +0 whip of electrocution You hear the crackle of electricity.
e - a +0 whip of electrocution (weapon)
f - a fizzy brown potion A ball python comes into view.
A kobold and a rat come into view.
The ball python hisses angrily.
The kobold shouts!
You barely miss the ball python. The ball python bites you.
The ball python barely misses you.
You take 1 damage, and have 19/20 hp.
You hit the ball python.
Lightning courses through the ball python!
You kill the ball python!
The kobold throws a stone.
The stone hits you. The rat bites you.
You see here a ball python corpse.
You take 3 damage, and have 16/20 hp.
You hit the kobold. The kobold hits you but does no damage.
The rat twitches its whiskers.
The rat bites you but does no damage.
The kobold hits you with a +0 short sword.
You take 1 damage, and have 15/20 hp.
You barely miss the kobold. The rat bites you.
The kobold hits you with a +0 short sword.
You take 5 damage, and have 10/20 hp.
MASSIVE DAMAGE!!
You are too injured to fight recklessly!
You are too injured to fight recklessly!
You are too injured to fight recklessly!
You are too injured to fight recklessly!
You are too injured to fight recklessly!
You are too injured to fight recklessly!
You are too injured to fight recklessly!
You are too injured to fight recklessly!
You are too injured to fight recklessly!
You are too injured to fight recklessly!
You are too injured to fight recklessly!
You are too injured to fight recklessly!
You are too injured to fight recklessly!
You are too injured to fight recklessly!
You are too injured to fight recklessly!
Aim: a rat You freeze the rat.
The rat bites you.
The kobold hits you with a +0 short sword.
* * * LOW HITPOINT WARNING * * *
You take 4 damage, and have 6/20 hp.
You now have 6/7 mp.
Aim: a rat (heavily wounded)
You freeze the rat!
You kill the rat!
The kobold hits you with a +0 short sword.
* * * LOW HITPOINT WARNING * * *
You take 5 damage, and have 1/20 hp.
MASSIVE DAMAGE!!
You now have 5/7 mp.
Aim: a kobold, wielding a +0 short sword and quivering stones (heavily wounded)
You miscast Freeze.
You are very lightly contaminated with residual magic.
Nothing appears to happen.
The kobold closely misses you.
You now have 4/7 mp.
You barely miss the kobold.
The kobold hits you with a +0 short sword.
You die...

..###.. ..
....##..#.###.#
.... .. ..?..
#..>....###.#
..... .....
####.....##.#
..... ....#
##.##.##.# .###
.##...# #.##.##.#
## .......##
#.......# #
........##
####.####
......K..######.#
......†@........#
.........########
#.......##
#......## ###...#
####


You could see a kobold.

Vanquished Creatures
  A ball python (D:1)
  A giant cockroach (D:1)
  A hobgoblin (D:1)
  2 jackals (D:1)
  A kobold (D:1)
  2 bats (D:1)
  3 rats (D:1)
11 creatures vanquished.

Notes
Turn   | Place    | Note
-------+----------+-------------------------------------------
     0 | D:1      | murtidash the Demigod Ice Elementalist began the quest for
                  | the Orb.
     0 | D:1      | Reached XP level 1. HP: 14/14 MP: 5/5
   228 | D:1      | Reached skill level 2 in Spellcasting
   380 | D:1      | Reached XP level 2. HP: 19/20 MP: 5/7
   523 | D:1      | HP: 1/20 [kobold (5)]
   525 | D:1      | Slain by a kobold

Illustrated notes

Levels and vault maps discovered:
D:1:      dpeg_arrival_solitude, layout_loops_cross, nicolae_grassy_gnolls

Skill      XL: |  1 |
---------------+----+-----
Spellcasting   | 2 |  2.1
Dodging        | |  1.7
Stealth        | |  1.7
Ice Magic      | |  3.9

Action                   || total
-------------------------++-------
Melee: Short sword       ||    26
       Unarmed           ||     2
       Whip              ||     5
 Cast: Freeze            ||     5
 Stab: Sleeping          ||     1
Armor: Robe              ||     8
Dodge: Dodged            ||    28

Table legend: (Time is in decaauts)
 A = Elapsed time spent in this place.
 B = Non-inter-level travel time spent in this place.
 C = Inter-level travel time spent in this place.
 D = Time resting spent in this place.
 E = Time spent auto-exploring this place.
 F = Levels seen in this place.
 G = Mean time per level.
                   A        B        C        D        E       F      G
               +--------+--------+--------+--------+--------+-----+--------+
         Total |    527 |    527 |      0 |      0 |    440 |   1 |  527.0 |
       Dungeon |    527 |    527 |      0 |      0 |    440 |   1 |  527.0 |
               +--------+--------+--------+--------+--------+-----+--------+

Top non-repeatable levels by time:
     D:1: 527 daAuts

Table legend:
 A = Kills in this place as a percentage of kills in entire the game.
 B = Kills by you in this place as a percentage of kills by you in the entire game.
 C = Kills by friends in this place as a percentage of kills by friends in the entire game.
 D = Other kills in this place as a percentage of other kills in the entire game.
 E = Experience gained in this place as a percentage of experience gained in the entire game.
 F = Experience gained in this place divided by the number of levels of this place that you have seen.
                   A       B       C       D       E      F
               +-------+-------+-------+-------+-------+----------------------
         Total | 100.0 | 100.0 |   N/A |   N/A | 100.0 |  18.0
       Dungeon | 100.0 | 100.0 |   N/A |   N/A | 100.0 |  18.0
               +-------+-------+-------+-------+-------+----------------------
